 Dungeon Crawl Stone Soup version 0.25.0-1-g7eea58d (webtiles) character file.

Game seed: 8726454992005729052

1516 malesh the Skirmisher (level 8, -15/70 HPs)
             Began as a Demonspawn Gladiator on June 21, 2020.
             Was a Believer of Makhleb.
             Demolished by an orc warrior
             ... wielding a +4 glaive
              (22 damage)
             ... on level 6 of the Dungeon.
             The game lasted 00:17:15 (7049 turns).

malesh the Skirmisher (Demonspawn Gladiator)        Turns: 7049, Time: 00:17:16

Health: -15/70     AC:  6    Str: 17    XL:     8   Next: 53%
Magic:  8/8        EV: 18    Int:  9    God:    Makhleb [**....]
Gold:   274        SH:  0    Dex: 15    Spells: 7/7 levels left

rFire    . . .     SeeInvis .   a - +3 trident
rCold    + . .     Gourm    .   (no shield)
rNeg     + . .     Faith    .   b - +0 leather armour
rPois    .         Spirit   .   c - +0 helmet
rElec    .         Reflect  .   (no cloak)
rCorr    .         Harm     .   (no gloves)
MR       .....                  (no boots)
Stlth    +.........             (no amulet)
HPRegen  0.21/turn              n - ring of positive energy
MPRegen  0.11/turn              i - +4 ring of evasion

@: no status effects
A: hooves 1, rugged brown scales 2, cold resistance 1, high mp 1, mutation
resistance 1, screaming 1
a: Minor Destruction, Renounce Religion


You were on level 6 of the Dungeon.
You worshipped Makhleb.
Makhleb was pleased with you.
You were hungry.

You visited 2 branches of the dungeon, and saw 7 of its levels.

You collected 274 gold pieces.

Inventory:

Hand Weapons
 a - a +3 trident (weapon)
 u - a +2 spear of freezing
Missiles
 d - 3 throwing nets (quivered)
Armour
 b - a +0 leather armour (worn)
 c - a +0 helmet (worn)
Jewellery
 i - a +4 ring of evasion (right hand)
 n - a ring of positive energy (left hand)
Wands
 h - a wand of flame (14)
 o - a wand of disintegration (4)
Scrolls
 e - 2 scrolls of immolation
 j - 4 scrolls of remove curse
 k - 3 scrolls of amnesia
 l - 2 scrolls of teleportation
 q - 2 scrolls of identify
 r - a scroll of blinking
Potions
 g - 6 potions of stabbing
 p - a potion of might
 s - 3 potions of curing
Comestibles
 f - 11 rations


   Skills:
 * Level 7.0 Fighting
 * Level 6.8 Polearms
 - Level 1.7 Throwing
 + Level 5.1 Dodging


You had 7 spell levels left.
You didn't know any spells.
Your spell library contained the following spells:

 Spells                   Type           Power        Failure   Level  Hunger
 Beastly Appendage        Tmut           #.....       45%         1    ##.....
 Sticks to Snakes         Tmut           #.......     58%         2    ###....
 Spider Form              Tmut/Pois      #.........   83%         3    ####...
 Ice Form                 Ice/Tmut       #.......     99%         4    #####..
 Blade Hands              Tmut           #.........   100%        5    ######.


Dungeon Overview and Level Annotations

Branches:
Dungeon (6/15)             Temple (1/1) D:5

Altars:
Ashenzari
Cheibriados
Elyvilon
Fedhas
Gozag
Hepliaklqana
Makhleb
Nemelex Xobeh
Okawaru
Qazlal
Ru
Sif Muna
Trog
Vehumet
Wu Jian
Zin
The Shining One


Innate Abilities, Weirdness & Mutations

You have large cloven feet.
You are mostly covered in rugged brown scales. (AC +2, +5% HP)
Your flesh is cold resistant. (rC+)
You have an increased reservoir of magic. (+10% MP)
You are somewhat resistant to further mutation.
You occasionally shout uncontrollably at your foes.


Message History

You hit the orc warrior but do no damage.
The orc warrior is heavily wounded.
The orc warrior hits you from afar with a +4 glaive!!
* * * LOW HITPOINT WARNING * * *
Attack whom?
Press: ? - help, Dir - move target cursor, f/p - orc warrior
Aim: an orc warrior, wielding a +4 glaive and wearing a +0 chain mail (heavily wounded)
Okay, then.
Unknown command.
It was a potion of mutation.
You feel extremely strange.
You feel more energetic.
You feel the urge to shout.
You feel genetically stable. The orc warrior closely misses you.
Throwing (i - inventory)
d - 4 throwing nets (quivered)
Press: ? - help, Shift-Dir - straight line, f/p - orc warrior
Aim: an orc warrior, wielding a +4 glaive and wearing a +0 chain mail (heavily wounded)
You throw a throwing net.
The throwing net closely misses the orc warrior.
The orc warrior hits you from afar with a +4 glaive!!
You die...

.....##### ##.# #....
....#....### #.## #....
..##.......#####.# .
#.... .###.........##.##
.. ##...
###...........#.# ...
#... ##..............#
.... #...
##..............# .....
#...
#.............#.##......
##..
#............##.@)......
#..
#..........(.###.)o.....
#.. ..).........##
#........ ##.
<...........# #........
## )..........##
........( ..
...........# .........
.# ..........##
......... #.........#
.......... ##.....^.##


You could see an orc warrior.

Vanquished Creatures
  A sky beast (D:5)
  2 phantoms
  An ice beast (D:5)
  2 ogres
  2 bullfrogs (D:6)
  A gnoll sergeant (D:5)
  A scorpion (D:4)
  3 jellies
  A crimson imp (D:5)
  A bullfrog zombie (D:5)
  4 orc wizards
  2 hounds (D:5)
  2 bullfrog skeletons
  A centaur skeleton (D:5)
  3 worker ants
  Robin (D:4)
  7 adders
  7 gnolls
  An ooze (D:1)
  2 adder skeletons
  A worm (D:2)
  4 dart slugs (D:1)
  4 leopard geckos
  13 orcs
  6 bats
  5 giant cockroaches
  7 hobgoblins
  7 jackals (D:6)
  3 quokkas (D:4)
  2 ball pythons (D:1)
  4 frilled lizards
  A giant cockroach zombie (D:5)
  18 goblins
  A jackal skeleton (D:4)
  9 kobolds
  A leopard gecko skeleton (D:4)
  3 rats
134 creatures vanquished.

Notes
Turn   | Place    | Note
-------+----------+-------------------------------------------
     0 | D:1      | malesh the Demonspawn Gladiator began the quest for the
                  | Orb.
     0 | D:1      | Reached XP level 1. HP: 16/16 MP: 1/1
   338 | D:1      | Gained mutation: You are partially covered in rugged brown
                  | scales. (AC +1, +3% HP) [demonic ancestry]
   338 | D:1      | Reached XP level 2. HP: 17/23 MP: 2/2
   567 | D:1      | Gained mutation: Your flesh is cold resistant. (rC+)
                  | [demonic ancestry]
   567 | D:1      | Reached XP level 3. HP: 28/28 MP: 3/3
  1059 | D:2      | Found a snail-covered altar of Cheibriados.
  1059 | D:2      | Found a burning altar of Makhleb.
  1059 | D:2      | Found a shimmering blue altar of Sif Muna.
  1112 | D:2      | Became a worshipper of Makhleb the Destroyer
  1323 | D:2      | Reached skill level 3 in Fighting
  1336 | D:2      | HP: 2/43 [poisoned by an adder]
  1339 | D:2      | Reached XP level 4. HP: 3/36 MP: 4/4
  1344 | D:2      | HP: 2/54 [poisoned by an adder]
  3027 | D:4      | Reached XP level 5. HP: 36/43 MP: 5/5
  3050 | D:4      | Reached skill level 4 in Fighting
  3398 | D:4      | Noticed a phantom
  3422 | D:4      | Killed a phantom
  3422 | D:4      | Gained mutation: You have large cloven feet. [demonic
                  | ancestry]
  3422 | D:4      | Reached XP level 6. HP: 30/50 MP: 6/6
  3571 | D:4      | Reached * piety under Makhleb
  3792 | D:4      | Noticed Robin
  3804 | D:4      | Killed Robin
  4051 | D:4      | Reached skill level 5 in Fighting
  4051 | D:4      | Reached skill level 5 in Polearms
  4051 | D:4      | Gained mutation: You are mostly covered in rugged brown
                  | scales. (AC +2, +5% HP) [demonic ancestry]
  4051 | D:4      | Reached XP level 7. HP: 50/58 MP: 7/7
  4447 | D:5      | Entered Level 5 of the Dungeon
  4907 | D:5      | Found a glowing golden altar of the Shining One.
  5071 | D:5      | Found a staircase to the Ecumenical Temple.
  5083 | Temple   | Entered the Ecumenical Temple
  5505 | D:6      | Reached ** piety under Makhleb
  5738 | D:6      | Reached skill level 6 in Fighting
  5866 | D:6      | Reached XP level 8. HP: 41/67 MP: 8/8
  6443 | D:5      | Found a hazy altar of Hepliaklqana.
  6495 | D:5      | Found the +7 pair of quick blades "Gyre" and "Gimble"
                  | {protect}
  6628 | D:5      | Reached skill level 5 in Dodging
  7033 | D:6      | Reached skill level 7 in Fighting
  7048 | D:6      | Gained mutation: You have an increased reservoir of magic.
                  | (+10% MP) [potion of mutation]
  7048 | D:6      | Gained mutation: You occasionally shout uncontrollably at
                  | your foes. [potion of mutation]
  7048 | D:6      | Gained mutation: You are somewhat resistant to further
                  | mutation. [potion of mutation]
  7049 | D:6      | Demolished by an orc warrior

Illustrated notes

Levels and vault maps discovered:
D:1:      eino_arrival_water_star, layout_loops_ring, serial_forest,
          infiniplex_forest_end_1, infiniplex_forest_zigzag_1,
          infiniplex_forest_clump_tiny, infiniplex_forest_end_double,
          infiniplex_forest_split, minmay_close_crescents
D:2:      layout_loops_ring, chequers_temple_overflow_statue_of_worship
D:3:      layout_basic, lemuel_old_faithful
D:4:      layout_cave_pods, first_ration, uniq_robin
D:5:      layout_gridville, kennysheep_little_box,
          minmay_temple_entry_offerings, basic_altar, lightli_minifort
D:6:      layout_cave_pods
Temple:   dshaligram_water_room_temple

Skill      XL: |  1  2  3  4  5  6  7  8 |
---------------+-------------------------+-----
Polearms       | 3 4 5 6 |  6.8
Dodging        | 3 4 5 |  5.1
Fighting       | 3 4 5 6 7 |  7.0
Throwing       | |  1.7

Action                   |  1- 3 |  4- 6 |  7- 9 || total
-------------------------+-------+-------+-------++-------
Melee: Trident           |   119 |   165 |   210 ||   494
       Kick              |       |    11 |    48 ||    59
Throw: Throwing net      |       |       |     1 ||     1
  Use: Potion            |     2 |       |     3 ||     5
       Scroll            |       |     8 |     4 ||    12
 Stab: Sleeping          |     1 |       |       ||     1
  Eat: Chunk             |     1 |     9 |     9 ||    19
Armor: Leather armour    |    24 |    31 |    40 ||    95
       Skin              |     2 |       |       ||     2
Dodge: Dodged            |    58 |   112 |   173 ||   343
